 Dungeon Crawl Stone Soup version 0.28-a0-773-g130ae17fe5 (webtiles) character file.

Game seed: 9970338498450162534

142 bande the Covered (level 5, -8/33 HPs)
             Began as a Gargoyle Fighter on Nov 2, 2021.
             Mangled by a wyvern skeleton (9 damage)
             ... on level 3 of the Dungeon.
             The game lasted 00:03:59 (2243 turns).

bande the Covered (Gargoyle Fighter)                Turns: 2243, Time: 00:04:00

Health: -8/33      AC: 13    Str: 20    XL:     5   Next: 25%
Magic:  5/5        EV:  7    Int:  9    God:
Gold:   126        SH:  4    Dex:  9    Spells: 4/4 levels left

rFire   . . .      SeeInvis .   a - +1 war axe
rCold   . . .      Faith    .   c - +0 buckler
rNeg    + . .      Spirit   .   g - +0 chain mail
rPois   ∞          Reflect  .   (no helmet)
rElec   +          Harm     .   (no cloak)
rCorr   .          Rampage  .   (no gloves)
Will    .....                   (no boots)
Stlth   ..........              (no amulet)
HPRegen 0.11/turn               (no ring)
MPRegen 0.09/turn               (no ring)

@: no status effects
A: sickness immunity, AC +4, negative energy resistance 1, electricity
resistance, torment resistance 1, petrification resistance
a: no special abilities


You were on level 3 of the Dungeon.
You visited 1 branch of the dungeon, and saw 3 of its levels.

You collected 126 gold pieces.

Inventory:

Hand Weapons
 a - a +1 war axe (weapon)
Armour
 c - a +0 buckler (worn)
 g - a +0 chain mail (worn)
Jewellery
 e - a ring of positive energy
Scrolls
 f - 2 scrolls of teleportation
Potions
 d - 2 potions of might
 h - 3 potions of flight {unknown}


   Skills:
 + Level 4.1 Fighting
 + Level 3.3 Axes
 + Level 4.2 Armour
 + Level 3.7 Shields


You had 4 spell levels left.
You didn't know any spells.
Your spell library was empty.

Dungeon Overview and Level Annotations

Branches:
Dungeon (3/15)

Altars:


Innate Abilities, Weirdness & Mutations

You are immune to sickness and miasma.
Your stone body is resilient. (AC +4)
You are immune to poison.
You resist negative energy. (rN+)
You are resistant to electric shocks. (rElec)
You are resistant to unholy torment.
You are immune to petrification.


Message History

The iguana bites you! The iguana closely misses you.
You hit the iguana but do no damage.
The iguana is heavily wounded.
The iguana bites you but does no damage.
You completely miss the iguana.
The iguana is moderately wounded.
The iguana bites you!
You are too injured to fight recklessly!
You are too injured to fight recklessly!
You are too injured to fight recklessly!
You are too injured to fight recklessly!
You are too injured to fight recklessly!
You are too injured to fight recklessly!
You are too injured to fight recklessly!
You are too injured to fight recklessly!
You are too injured to fight recklessly!
You are too injured to fight recklessly!
You are too injured to fight recklessly!
Unknown command.
You slash the wyvern skeleton!
The wyvern skeleton is moderately damaged.
You hit the iguana but do no damage. The iguana barely misses you.
The wyvern skeleton bites you!
* * * LOW HITPOINT WARNING * * *
The iguana bites you but does no damage.
The wyvern skeleton barely misses you.
You slash the wyvern skeleton!
The wyvern skeleton is severely damaged.
You barely miss the iguana. The wyvern skeleton barely misses you.
The iguana bites you but does no damage.
You barely miss the wyvern skeleton.
The wyvern skeleton is severely damaged.
You hit the iguana.
The wyvern skeleton bites you but does no damage.
The iguana closely misses you. The wyvern skeleton barely misses you.
Unknown command.
You block the iguana's attack.
It was a potion of cancellation.
You feel magically purged. The wyvern skeleton bites you!
You die...

...... #......
....... .....
.... ..# #
######!.#.#
#..@Z..).#
#.###)##l...##
#..........##
#####.##..?.#
# #.##.....# #
#.####.##... #
#.# .# ### #.#
.. ..#
#.########.#


You could see an iguana and a wyvern skeleton.

Vanquished Creatures
  A phantom (D:1)
  Jessica (D:3)
  A dart slug (D:2)
  4 bats
  6 endoplasms
  2 giant cockroaches
  4 goblins
  5 hobgoblins
  2 jackals (D:3)
  4 ball pythons (D:1)
  4 frilled lizards
  3 kobolds
  2 rats
39 creatures vanquished.

Notes
Turn   | Place    | Note
-------+----------+-------------------------------------------
     0 | D:1      | bande the Gargoyle Fighter began the quest for the Orb.
     0 | D:1      | Reached XP level 1. HP: 14/14 MP: 1/1
   241 | D:1      | Reached XP level 2. HP: 19/19 MP: 2/2
  1147 | D:2      | Noticed a phantom
  1160 | D:1      | Killed a phantom
  1161 | D:1      | Reached XP level 3. HP: 24/24 MP: 3/3
  1161 | D:1      | Reached XP level 4. HP: 29/29 MP: 4/4
  2155 | D:3      | Reached XP level 5. HP: 29/33 MP: 5/5
  2223 | D:3      | Noticed Jessica
  2227 | D:3      | Killed Jessica
  2238 | D:3      | HP: 1/33 [wyvern skeleton (11)]
  2243 | D:3      | Mangled by a wyvern skeleton

Illustrated notes

Levels and vault maps discovered:
D:1:      giann_wishing_wells, layout_loops_ring, nrook_mini_backslash,
          chequers_serial_rivers_micro_d, grunt_decor_junction
D:2:      cheibrodos_helix_gallery, layout_rooms
D:3:      layout_loops_ring, uniq_jessica, uniq_sigmund, uniq_pargi

Skill      XL: |  1  2  3  4 |
---------------+-------------+-----
Axes           | 2 3 |  3.3
Fighting       | 4 |  4.1
Armour         | 4 |  4.2
Shields        | |  3.7

Action                   |  1- 3 |  4- 6 || total
-------------------------+-------+-------++-------
Melee: War axe           |    58 |    54 ||   112
  Use: Scroll            |       |     6 ||     6
       Potion            |       |     1 ||     1
Armor: Chain mail        |    36 |    45 ||    81
       Scale mail        |     2 |       ||     2
Dodge: Dodged            |    34 |    21 ||    55
Block: Buckler           |    12 |    15 ||    27

Table legend: (Time is in decaauts)
 A = Elapsed time spent in this place.
 B = Non-inter-level travel time spent in this place.
 C = Inter-level travel time spent in this place.
 D = Time resting spent in this place.
 E = Time spent auto-exploring this place.
 F = Levels seen in this place.
 G = Mean time per level.
                   A        B        C        D        E       F      G
               +--------+--------+--------+--------+--------+-----+--------+
         Total |   2285 |   2262 |     23 |    548 |   1350 |   3 |  761.7 |
       Dungeon |   2285 |   2262 |     23 |    548 |   1350 |   3 |  761.7 |
               +--------+--------+--------+--------+--------+-----+--------+

Top non-repeatable levels by time:
     D:1: 1481 daAuts
     D:2: 611 daAuts
     D:3: 192 daAuts
